3AA
BILLINGS POLAR BEARS @ SQUIRREL HILL PIEROGIS
07/27/2041
 
TOP OF THE 1ST
Billings Polar Bears batting - Pitching for Squirrel Hill Pierogis : RHP Héctor Barrera
Pitching: RHP Héctor Barrera
Batting: SHB Leonardo Rodríguez 0-0: DOUBLE (Groundball, 5L, EV 105.6 MPH)
Batting: RHB Luke Crawford 0-0: Swinging Strike
0-1: Ball
1-1: Swinging Strike
1-2: Foul Ball, location: 2F
1-2: Ball
2-2: Strikes out swinging
Batting: LHB Carlos Rosário 0-0: Called Strike
0-1: Ball
1-1: DOUBLE (Line Drive, 7LM, EV 105.6 MPH)
Leonardo Rodríguez scores
Batting: RHB Rubén Balderas 0-0: Foul Ball, location: 2F
0-1: Ball
1-1: Foul Ball, location: 2F
1-2: Strikes out looking
Batting: RHB Danny Hensley 0-0: Called Strike
0-1: Ground out 6-3 (Groundball, 6, EV 103.8 MPH)
Top of the 1st over - 1 run, 2 hits, 0 errors, 1 left on base; Billings 1 - Squirrel Hill 0
BOTTOM OF THE 1ST
Squirrel Hill Pierogis batting - Pitching for Billings Polar Bears : LHP Mark Greenwood
Pitching: LHP Mark Greenwood
Batting: SHB Aubrey Magee 0-0: Called Strike
0-1: Foul Ball, location: 2F
0-2: DOUBLE (Line Drive, 9LM, EV 103.8 MPH)
Batting: RHB Barend Huijbregts 0-0: Called Strike
0-1: Fly out, F9 (Flyball, 9, EV 97.5 MPH)
Batting: RHB Jerry Williams 0-0: Foul Ball, location: 2F
0-1: Swinging Strike
0-2: Foul Ball, location: 2F
0-2: Foul Ball, location: 2F
0-2: Foul Ball, location: 2F
0-2: Ball
1-2: Strikes out swinging
Batting: SHB Ron Carlisle 0-0: Swinging Strike
0-1: Ball
1-1: Foul Ball, location: 2F
1-2: Strikes out swinging
Bottom of the 1st over - 0 runs, 1 hit, 0 errors, 1 left on base; Billings 1 - Squirrel Hill 0
TOP OF THE 2ND
Billings Polar Bears batting - Pitching for Squirrel Hill Pierogis : RHP Héctor Barrera
Batting: RHB Kelly Johnson 0-0: Swinging Strike
0-1: Fly out, F5 (Popup, 5S, EV 78.8 MPH)
Batting: RHB Edward Johnson 0-0: Ball
1-0: Foul Ball, location: 2F
1-1: Foul Ball, location: 2F
1-2: Foul Ball, location: 2F
1-2: DOUBLE (Groundball, 5L, EV 107.5 MPH)
Batting: RHB George Johnston 0-0: Called Strike
0-1: Ball
1-1: SINGLE (Groundball, 56D, EV 103.1 MPH)
Edward Johnson to third
Batting: LHB Alvin Montgomery 0-0: Called Strike
0-1: Ball
1-1: Ball
2-1: Swinging Strike
2-2: Foul Ball, location: 2F
2-2: Strikes out swinging
Batting: SHB Leonardo Rodríguez 0-0: Called Strike
0-1: Ground out 3-1 (Groundball, 34S, EV 73.1 MPH)
Top of the 2nd over - 0 runs, 2 hits, 0 errors, 2 left on base; Billings 1 - Squirrel Hill 0
BOTTOM OF THE 2ND
Squirrel Hill Pierogis batting - Pitching for Billings Polar Bears : LHP Mark Greenwood
Batting: LHB Adam Bisset 0-0: Ball
1-0: Ball
2-0: Called Strike
2-1: Called Strike
2-2: Ball
3-2: Fly out, F9 (Flyball, 89M, EV 95.6 MPH)
Batting: RHB Franck Morel 0-0: Ball
1-0: Called Strike
1-1: Ground out 3-1 (Groundball, 34, EV 83.1 MPH)
Batting: LHB Luis Escribano 0-0: Ball
1-0: Called Strike
1-1: Ground out U3 (Groundball, 3, EV 105.6 MPH)
Bottom of the 2nd over - 0 runs, 0 hits, 0 errors, 0 left on base; Billings 1 - Squirrel Hill 0
TOP OF THE 3RD
Billings Polar Bears batting - Pitching for Squirrel Hill Pierogis : RHP Héctor Barrera
Batting: RHB Luke Crawford 0-0: Foul Ball, location: 2F
0-1: Bunted foul
0-2: Ball
1-2: Ground out U3 (Groundball, 34S, EV 90.6 MPH)
Batting: LHB Carlos Rosário 0-0: Foul Ball, location: 2F
0-1: Ball
1-1: Ball
2-1: Ball
3-1: Foul Ball, location: 2F
3-2: Base on Balls
Batting: RHB Rubén Balderas 0-0: Ball
1-0: Foul Ball, location: 2F
1-1: Ball
2-1: Ball
3-1: Base on Balls
Carlos Rosário to second
Batting: RHB Danny Hensley 0-0: Ball
1-0: Swinging Strike
1-1: Swinging Strike
1-2: Ball
2-2: Strikes out swinging
Batting: RHB Kelly Johnson 0-0: Called Strike
0-1: Foul Ball, location: 2F
0-2: Ground out 4-3 (Groundball, 4, EV 104.4 MPH)
Top of the 3rd over - 0 runs, 0 hits, 0 errors, 2 left on base; Billings 1 - Squirrel Hill 0
BOTTOM OF THE 3RD
Squirrel Hill Pierogis batting - Pitching for Billings Polar Bears : LHP Mark Greenwood
Batting: SHB Jason Pratt 0-0: Ball
1-0: Called Strike
1-1: Swinging Strike
1-2: Strikes out swinging
Batting: LHB Ramiro Palmeiro 0-0: Ball
1-0: Foul Ball, location: 2F
1-1: Ground out 4-3 (Groundball, 4, EV 85.6 MPH)
Batting: SHB Aubrey Magee 0-0: Called Strike
0-1: Fly out, F7 (Flyball, 7LDF, EV 108.1 MPH)
Bottom of the 3rd over - 0 runs, 0 hits, 0 errors, 0 left on base; Billings 1 - Squirrel Hill 0
TOP OF THE 4TH
Billings Polar Bears batting - Pitching for Squirrel Hill Pierogis : RHP Héctor Barrera
Batting: RHB Edward Johnson 0-0: Ground out 1-3 (Groundball, P, EV 86.9 MPH)
Batting: RHB George Johnston 0-0: Ball
1-0: Ball
2-0: Ball
3-0: Called Strike
3-1: Base on Balls
Batting: LHB Alvin Montgomery 0-0: Ball
1-0: Ball
2-0: SINGLE (Groundball, 34D, EV 105.0 MPH)
George Johnston to second
Runner from 2nd tries for 3rd, OUT! 9-5
Batting: SHB Leonardo Rodríguez 0-0: Called Strike
0-1: Ball
1-1: Ball
2-1: Ball
Alvin Montgomery steals 2nd base
3-1: Base on Balls
Batting: RHB Luke Crawford 0-0: Called Strike
0-1: Ball
1-1: Ball
2-1: Foul Ball, location: 2F
2-2: Fielders Choice at 2nd, 5-4 (Groundball, 56, EV 77.5 MPH)
Top of the 4th over - 0 runs, 1 hit, 0 errors, 2 left on base; Billings 1 - Squirrel Hill 0
BOTTOM OF THE 4TH
Squirrel Hill Pierogis batting - Pitching for Billings Polar Bears : LHP Mark Greenwood
Batting: RHB Barend Huijbregts 0-0: Called Strike
0-1: Called Strike
0-2: Strikes out looking
Batting: RHB Jerry Williams 0-0: Ball
1-0: Ball
2-0: Called Strike
2-1: Called Strike
2-2: Ball
3-2: Base on Balls
Batting: SHB Ron Carlisle 0-0: Ball
1-0: Called Strike
1-1: Foul Ball, location: 2F
1-2: Ball
2-2: Fly out, F8 (Flyball, 8LD, EV 81.9 MPH)
Batting: LHB Adam Bisset 0-0: Called Strike
0-1: Ball
1-1: Foul Ball, location: 2F
1-2: Ball
2-2: Strikes out swinging
Bottom of the 4th over - 0 runs, 0 hits, 0 errors, 1 left on base; Billings 1 - Squirrel Hill 0
TOP OF THE 5TH
Billings Polar Bears batting - Pitching for Squirrel Hill Pierogis : RHP Héctor Barrera
Batting: LHB Carlos Rosário 0-0: Ball
1-0: Ball
2-0: Fly out, F4 (Popup, 34, EV 76.2 MPH)
Batting: RHB Rubén Balderas 0-0: Ball
1-0: Ball
2-0: Foul Ball, location: 2F
2-1: Foul Ball, location: 2F
2-2: Strikes out swinging
Batting: RHB Danny Hensley 0-0: Ball
1-0: Ground out 1-3 (Groundball, P, EV 84.4 MPH)
Top of the 5th over - 0 runs, 0 hits, 0 errors, 0 left on base; Billings 1 - Squirrel Hill 0
BOTTOM OF THE 5TH
Squirrel Hill Pierogis batting - Pitching for Billings Polar Bears : LHP Mark Greenwood
Batting: RHB Franck Morel 0-0: Ball
1-0: Ground out 1-3 (Groundball, 34S, EV 81.9 MPH)
Batting: LHB Luis Escribano 0-0: Ground out 4-3 (Groundball, 4S, EV 86.9 MPH)
Batting: SHB Jason Pratt 0-0: Ball
1-0: Called Strike
1-1: Called Strike
1-2: Foul Ball, location: 2F
1-2: Ball
2-2: Fly out, F8 (Flyball, 8LM, EV 93.8 MPH)
Bottom of the 5th over - 0 runs, 0 hits, 0 errors, 0 left on base; Billings 1 - Squirrel Hill 0
TOP OF THE 6TH
Billings Polar Bears batting - Pitching for Squirrel Hill Pierogis : RHP Héctor Barrera
Batting: RHB Kelly Johnson 0-0: Fly out, F8 (Flyball, 89D, EV 106.2 MPH)
Batting: RHB Edward Johnson 0-0: Called Strike
0-1: Foul Ball, location: 2F
0-2: Strikes out swinging
Pitching: RHP Tom Atkinson
Batting: RHB George Johnston 0-0: Ball
1-0: Swinging Strike
1-1: Ball
2-1: Ball
3-1: Called Strike
3-2: Strikes out swinging
Top of the 6th over - 0 runs, 0 hits, 0 errors, 0 left on base; Billings 1 - Squirrel Hill 0
BOTTOM OF THE 6TH
Squirrel Hill Pierogis batting - Pitching for Billings Polar Bears : LHP Mark Greenwood
Batting: LHB Ramiro Palmeiro 0-0: Fly out, F9 (Line Drive, 9, EV 93.8 MPH)
Batting: SHB Aubrey Magee 0-0: Foul Ball, location: 2F
0-1: SINGLE (Flyball, 89S, EV 95.0 MPH)
Batting: RHB Barend Huijbregts 0-0: Ball
1-0: Foul Ball, location: 2F
1-1: Foul Ball, location: 2F
1-2: Strikes out looking
Batting: RHB Jerry Williams 0-0: Ball
1-0: Called Strike
1-1: Foul Ball, location: 2F
1-2: Strikes out looking
Bottom of the 6th over - 0 runs, 1 hit, 0 errors, 1 left on base; Billings 1 - Squirrel Hill 0
TOP OF THE 7TH
Billings Polar Bears batting - Pitching for Squirrel Hill Pierogis : RHP Tom Atkinson
Batting: LHB Alvin Montgomery 0-0: SINGLE (Line Drive, 7LS, EV 106.2 MPH)
Batting: SHB Leonardo Rodríguez 0-0: Ball
1-0: Foul Ball, location: 2F
1-1: Foul Ball, location: 2F
1-2: Ball
2-2: Foul Ball, location: 2F
2-2: Strikes out swinging
Batting: RHB Luke Crawford 0-0: Ball
1-0: Swinging Strike
1-1: Ball
2-1: Ball
3-1: Fly out, F9 (Flyball, 9, EV 85.6 MPH)
Batting: LHB Carlos Rosário 0-0: Ball
Wild Pitch!
Alvin Montgomery to second
1-0: Ball
2-0: Called Strike
2-1: Ball
3-1: Swinging Strike
3-2: Base on Balls
Batting: RHB Rubén Balderas 0-0: Foul Ball, location: 2F
0-1: Foul Ball, location: 2F
0-2: Ball
1-2: Ball
2-2: Ball
3-2: Ground out 6-3 (Groundball, 6, EV 108.8 MPH)
Top of the 7th over - 0 runs, 1 hit, 0 errors, 2 left on base; Billings 1 - Squirrel Hill 0
BOTTOM OF THE 7TH
Squirrel Hill Pierogis batting - Pitching for Billings Polar Bears : LHP Mark Greenwood
Batting: SHB Ron Carlisle 0-0: Ball
1-0: Called Strike
1-1: Called Strike
1-2: Fly out, F9 (Line Drive, 9D, EV 85.0 MPH)
Pitching: RHP Peter Kossan
Batting: LHB Adam Bisset 0-0: Ball
1-0: Called Strike
1-1: SINGLE (Line Drive, 4D, EV 96.2 MPH)
Batting: RHB Franck Morel 0-0: Ball
1-0: Fly out, F8 (Line Drive, 8RM, EV 99.4 MPH)
Batting: LHB Luis Escribano 0-0: Swinging Strike
0-1: Called Strike
0-2: Ball
1-2: Ground out 1-3 (Groundball, 34S, EV 81.9 MPH)
Bottom of the 7th over - 0 runs, 1 hit, 0 errors, 1 left on base; Billings 1 - Squirrel Hill 0
TOP OF THE 8TH
Billings Polar Bears batting - Pitching for Squirrel Hill Pierogis : RHP Tom Atkinson
Batting: RHB Danny Hensley 0-0: Ball
1-0: Ball
2-0: SINGLE (Line Drive, 6MD, EV 103.1 MPH)
Batting: RHB Kelly Johnson 0-0: Ball
1-0: Foul Ball, location: 2F
1-1: Ball
2-1: Foul Ball, location: 2F
2-2: Foul Ball, location: 2F
2-2: Foul Ball, location: 2F
2-2: Ball
3-2: Grounds into double play, U6-3 (Groundball, 4M, EV 81.2 MPH)
Batting: RHB Edward Johnson 0-0: Called Strike
0-1: Called Strike
0-2: Ground out 5-3 (Groundball, 56S, EV 70.0 MPH)
Top of the 8th over - 0 runs, 1 hit, 0 errors, 0 left on base; Billings 1 - Squirrel Hill 0
BOTTOM OF THE 8TH
Squirrel Hill Pierogis batting - Pitching for Billings Polar Bears : RHP Peter Kossan
Batting: SHB Jason Pratt 0-0: Ball
1-0: Swinging Strike
1-1: Ball
2-1: Foul Ball, location: 2F
2-2: Strikes out swinging
Batting: LHB Ramiro Palmeiro 0-0: Swinging Strike
0-1: Fly out, F8 (Flyball, 89D, EV 110.6 MPH)
Batting: SHB Aubrey Magee 0-0: Ball
1-0: Ball
2-0: Called Strike
2-1: Ball
3-1: SOLO HOME RUN (Flyball, 9D, EV 93.8 MPH), Distance : 363 ft
Batting: RHB Barend Huijbregts 0-0: Called Strike
0-1: Ball
1-1: Ball
2-1: Ball
3-1: Foul Ball, location: 2F
3-2: Base on Balls
Batting: RHB Jerry Williams 0-0: Ball
1-0: Ball
2-0: Called Strike
2-1: Called Strike
2-2: Strikes out swinging
Bottom of the 8th over - 1 run, 1 hit, 0 errors, 1 left on base; Billings 1 - Squirrel Hill 1
TOP OF THE 9TH
Billings Polar Bears batting - Pitching for Squirrel Hill Pierogis : RHP Tom Atkinson
Batting: RHB George Johnston 0-0: Ball
1-0: Called Strike
1-1: Ball
2-1: Ball
3-1: Called Strike
3-2: Strikes out swinging
Pinch Hitting: LHB Augusto Reyes 0-0: Ball
1-0: Swinging Strike
1-1: Swinging Strike
1-2: Ball
2-2: Foul Ball, location: 2F
2-2: Foul Ball, location: 2F
2-2: Fly out, F6 (Line Drive, 6, EV 71.9 MPH)
Pitching: RHP Joel Baxter
Batting: SHB Leonardo Rodríguez 0-0: Ball
1-0: Ball
2-0: Ball
3-0: Called Strike
3-1: Base on Balls
Batting: RHB Luke Crawford 0-0: Foul Ball, location: 2F
0-1: Called Strike
Leonardo Rodríguez steals 2nd base (no throw)
0-2: Ground out 5-3 (Groundball, 56S, EV 90.6 MPH)
Top of the 9th over - 0 runs, 0 hits, 0 errors, 1 left on base; Billings 1 - Squirrel Hill 1
BOTTOM OF THE 9TH
Squirrel Hill Pierogis batting - Pitching for Billings Polar Bears : RHP Peter Kossan
Now in LF: Scot Roberts
Batting: SHB Ron Carlisle 0-0: Ball
1-0: Ball
2-0: Swinging Strike
2-1: Fly out, F9 (Flyball, 89D, EV 103.8 MPH)
Batting: LHB Adam Bisset 0-0: Called Strike
0-1: Ball
1-1: Ball
2-1: SINGLE (Line Drive, 9LM, EV 106.9 MPH)
Pitching: RHP Tim Shreeve
Batting: RHB Franck Morel 0-0: Foul Ball, location: 2F
0-1: Ball
1-1: Foul Ball, location: 2F
1-2: Ball
2-2: SINGLE (Line Drive, 5D, EV 98.1 MPH)
Adam Bisset to second
Batting: LHB Luis Escribano 0-0: Called Strike
0-1: Swinging Strike
0-2: Strikes out looking
Batting: SHB Jason Pratt 0-0: Ball
1-0: Ball
2-0: Ball
3-0: Called Strike
3-1: Base on Balls
Adam Bisset to third
Franck Morel to second
Batting: LHB Ramiro Palmeiro 0-0: Called Strike
0-1: Foul Ball, location: 2F
0-2: Ball
1-2: Ball
2-2: Ground out 4-3 (Groundball, 4, EV 80.0 MPH)
Bottom of the 9th over - 0 runs, 2 hits, 0 errors, 3 left on base; Billings 1 - Squirrel Hill 1
TOP OF THE 10TH
Billings Polar Bears batting - Pitching for Squirrel Hill Pierogis : RHP Joel Baxter
Batting: LHB Carlos Rosário 0-0: Ball
1-0: Called Strike
1-1: Foul Ball, location: 2F
1-2: Ground out 3-1 (Groundball, 34, EV 91.2 MPH)
Batting: RHB Rubén Balderas 0-0: Called Strike
0-1: Swinging Strike
0-2: Foul Ball, location: 2F
0-2: Strikes out swinging
Batting: RHB Danny Hensley 0-0: Ball
1-0: Swinging Strike
1-1: Foul Ball, location: 2F
1-2: Ball
2-2: Fly out, F3 (Line Drive, 3, EV 66.9 MPH)
Top of the 10th over - 0 runs, 0 hits, 0 errors, 0 left on base; Billings 1 - Squirrel Hill 1
BOTTOM OF THE 10TH
Squirrel Hill Pierogis batting - Pitching for Billings Polar Bears : RHP Tim Shreeve
Pitching: LHP Arturo Cuellar
Batting: SHB Aubrey Magee 0-0: Foul Ball, location: 2F
0-1: Foul Ball, location: 2F
0-2: Ball
1-2: Strikes out swinging
Batting: RHB Barend Huijbregts 0-0: Called Strike
0-1: Swinging Strike
0-2: Ball
1-2: SINGLE (Groundball, 6D, EV 96.2 MPH)
Batting: RHB Jerry Williams 0-0: Ball
1-0: Called Strike
1-1: Foul Ball, location: 2F
1-2: Strikes out looking
Batting: SHB Ron Carlisle 0-0: Ball
1-0: Ball
2-0: Ball
3-0: Called Strike
3-1: Foul Ball, location: 2F
3-2: Base on Balls
Barend Huijbregts to second
Pinch Hitting: RHB Koi-sho Xú 0-0: Called Strike
0-1: Foul Ball, location: 2F
0-2: Ball
1-2: Strikes out swinging
Bottom of the 10th over - 0 runs, 1 hit, 0 errors, 2 left on base; Billings 1 - Squirrel Hill 1
TOP OF THE 11TH
Billings Polar Bears batting - Pitching for Squirrel Hill Pierogis : RHP Joel Baxter
Pitching: LHP Jerry Reid
Now at 3B: Rodrigo Santana
Batting: RHB Kelly Johnson 0-0: Ball
1-0: Called Strike
1-1: Swinging Strike
1-2: Ball
2-2: Foul Ball, location: 2F
2-2: Foul Ball, location: 2F
2-2: Ground out 6-3 (Groundball, 56, EV 80.6 MPH)
Batting: RHB Edward Johnson 0-0: Foul Ball, location: 2F
0-1: Ball
1-1: Foul Ball, location: 2F
1-2: Ball
2-2: Foul Ball, location: 2F
2-2: Fly out, F9 (Flyball, 89D, EV 86.9 MPH)
Batting: RHB George Johnston 0-0: Swinging Strike
0-1: Ball
1-1: Ball
2-1: Called Strike
2-2: Strikes out swinging
Top of the 11th over - 0 runs, 0 hits, 0 errors, 0 left on base; Billings 1 - Squirrel Hill 1
BOTTOM OF THE 11TH
Squirrel Hill Pierogis batting - Pitching for Billings Polar Bears : LHP Arturo Cuellar
Batting: RHB Franck Morel 0-0: Ball
1-0: Called Strike
1-1: Ball
2-1: Ball
3-1: Base on Balls
Batting: LHB Luis Escribano 0-0: Ball
1-0: Ball
2-0: Foul Ball, location: 2F
2-1: Called Strike
2-2: Foul Ball, location: 2F
2-2: Ball
3-2: Base on Balls
Franck Morel to second
Batting: SHB Jason Pratt 0-0: Ball
1-0: 3-RUN HOME RUN (Flyball, 78XD, EV 103.8 MPH), Distance : 419 ft
Tuesday, January 5th, 2021 - OOTP Baseball 20.8 Build 74